 Dungeon Crawl Stone Soup version 0.29-a0-283-ga02f740833 (webtiles) character file.

Game seed: 6631084113492788105

77 PaleWalker the Shield-Bearer (level 4, -2/38 HPs)
             Began as a Gnoll Wanderer on Mar 13, 2022.
             Was a Follower of Zin.
             Slain by Natasha (5 damage)
             ... on level 2 of the Dungeon.
             The game lasted 00:02:23 (1110 turns).

PaleWalker the Shield-Bearer (Gnoll Wanderer)       Turns: 1110, Time: 00:02:23

Health: -2/38      AC:  3    Str: 16    XL:     4   Next: 34%
Magic:  8/8        EV: 11    Int:  9    God:    Zin [*.....]
Gold:   36         SH:  5    Dex: 11    Spells: 9/9 levels left

rFire   + . .      SeeInvis .   a - +2 hand axe
rCold   . . .      Faith    .   c - +0 buckler
rNeg    . . .      Spirit   .   e - +0 leather armour
rPois   .          Reflect  .   (no helmet)
rElec   .          Harm     .   (no cloak)
rCorr   .          Rampage  .   (no gloves)
Will    .....                   (no boots)
Stlth   +.........              (no amulet)
HPRegen 0.12/turn               b - ring of protection from fire
MPRegen 0.11/turn               (no ring)

@: no status effects
A: fangs 1, strong nose, distributed training
a: Renounce Religion, Recite, Donate Gold


You were on level 2 of the Dungeon.
You worshipped Zin.
Zin was aware of your devotion.
You visited 1 branch of the dungeon, and saw 2 of its levels.

You collected 40 gold pieces.
You donated 4 gold pieces to Zin.

Inventory:

Hand Weapons
 a - a +2 hand axe (weapon)
Armour
 c - a +0 buckler (worn)
 e - a +0 leather armour (worn)
Jewellery
 b - a ring of protection from fire (left hand)
 g - a ring of wizardry
Scrolls
 f - a scroll of identify {unknown}
Potions
 d - a potion of curing {unknown}
 h - a potion of cancellation {unknown}


   Skills:
 + Level 4.6 Fighting
 + Level 2.7 Short Blades
 + Level 1.1 Long Blades
 + Level 4.6 Axes
 + Level 1.1 Maces & Flails
 + Level 1.1 Polearms
 + Level 1.1 Staves
 + Level 1.1 Slings
 + Level 1.1 Bows
 + Level 1.1 Crossbows
 + Level 1.1 Throwing
 + Level 2.7 Armour
 + Level 1.1 Dodging
 + Level 1.1 Stealth
 + Level 4.6 Shields
 + Level 1.1 Unarmed Combat
 + Level 3.0 Spellcasting
 + Level 0.8 Conjurations
 + Level 0.8 Hexes
 + Level 0.8 Summonings
 + Level 0.8 Necromancy
 + Level 0.8 Translocations
 + Level 0.8 Transmutations
 + Level 0.8 Fire Magic
 + Level 0.8 Ice Magic
 + Level 0.8 Air Magic
 + Level 0.8 Earth Magic
 + Level 0.8 Poison Magic
 + Level 2.8 Invocations
 + Level 1.1 Evocations


You had 9 spell levels left.
You didn't know any spells.
Your spell library contained the following spells:

 Spells                   Type           Power      Damage    Failure   Level
 Animate Skeleton         Necr           4%         N/A       32%         1
 Apportation              Tloc           4%         N/A       32%         1
 Summon Small Mammal      Summ           8%         N/A       32%         1
 Borgnjor's Revivificati  Necr           1%         N/A       100%        8
 Necromutation            Tmut/Necr      1%         N/A       100%        8
 Death's Door             Necr           1%         N/A       100%        9


Dungeon Overview and Level Annotations

Branches:
Dungeon (2/15)

Altars:
Hepliaklqana
Zin

Annotations:
D:2 Natasha


Innate Abilities, Weirdness & Mutations

You have very sharp teeth.
Your uncanny sense of smell can sniff out nearby items.
Your experience applies equally to all skills.


Message History

Natasha, Servant of Life and Death comes into view.
She is carrying a wand of flame (16).
A gnoll comes into view. It is wielding a +0 flail.
The gnoll shouts!
The gnoll moves out of view.
A gnoll comes into view. It is wielding a +0 spear.
A quokka and a worm come into view.
Natasha hisses angrily.
A gnoll comes into view. It is wielding a +0 spear.
Natasha stares at you and mumbles some strange words.
The magic dart hits you!
Found a stone staircase leading up.
Natasha barely misses you.
You slash Natasha!
Natasha is heavily wounded.
Natasha claws you.
You closely miss Natasha.
Natasha is heavily wounded.
Natasha closely misses you.
You hit Natasha but do no damage.
Natasha is heavily wounded.
Natasha zaps a wand.
The puff of flame hits you. You resist. The gnoll barely misses you.
You miss Natasha.
Natasha is heavily wounded.
You hit the worm. Natasha claws you. The gnoll closely misses you.
Natasha claws you!
You hit Natasha but do no damage.
Natasha is heavily wounded.
You hit the worm but do no damage. You block the gnoll's attack.
The worm bites you.
* * * LOW HITPOINT WARNING * * *
Natasha zaps a wand.
The puff of flame hits you. You resist.
* * * LOW HITPOINT WARNING * * *
The gnoll hits you from afar with a +0 spear.
* * * LOW HITPOINT WARNING * * *
The gnoll completely misses you.
Okay, then.
You closely miss Natasha.
Natasha is heavily wounded.
You hit the worm but do no damage. You hit the gnoll. Natasha claws you.
You die...

.<... #...# #...# .
#...# ###.... #...#
#....... ∆ ...#####.#..
... #hw......##. #.#
##@.# #..##. #.#
##.g.####..##.#####.
####g#.....)...##.##...
rg..........#)......#...
g###..#............#.†._
∆#..#.................
............#.##.#....
###..#.#.##..#....#.###
............#.##.#.# #


You could see a worm, Natasha and 2 gnolls.

Vanquished Creatures
  Natasha (D:2)
  An adder (D:2)
  2 dart slugs (D:1)
  3 endoplasms (D:1)
  A giant cockroach (D:1)
  5 goblins (D:1)
  2 hobgoblins (D:1)
  4 jackals (D:1)
  A quokka (D:1)
  3 ball pythons (D:1)
  2 bats (D:1)
  4 frilled lizards
  8 kobolds
  3 rats
40 creatures vanquished.

Vanquished Creatures (others)
  2 plants (D:1)
2 creatures vanquished.

Grand Total: 42 creatures vanquished

Notes
Turn   | Place    | Note
-------+----------+-------------------------------------------
     0 | D:1      | PaleWalker the Gnoll Wanderer began the quest for the Orb.
     0 | D:1      | PaleWalker set off with the following items: a +2 hand axe,
                  | a +0 short sword, a +0 buckler, a potion of invisibility, a
                  | +0 leather armour
     0 | D:1      | Reached XP level 1. HP: 20/20 MP: 4/4
    41 | D:1      | Reached XP level 2. HP: 17/26 MP: 5/5
   373 | D:1      | Reached XP level 3. HP: 28/31 MP: 7/7
   835 | D:1      | Found a faded altar of an unknown god.
   845 | D:1      | Prayed at the altar of an unknown god.
   845 | D:1      | Became a worshipper of Zin the Law-Giver
   845 | D:1      | Reached * piety under Zin
  1017 | D:2      | Found a hazy altar of Hepliaklqana.
  1017 | D:2      | Noticed Natasha
  1024 | D:2      | Killed Natasha
  1025 | D:2      | Reached skill level 1 in Long Blades
  1025 | D:2      | Reached skill level 1 in Maces & Flails
  1025 | D:2      | Reached skill level 1 in Polearms
  1025 | D:2      | Reached skill level 1 in Staves
  1025 | D:2      | Reached skill level 1 in Slings
  1025 | D:2      | Reached skill level 1 in Bows
  1025 | D:2      | Reached skill level 1 in Crossbows
  1025 | D:2      | Reached skill level 1 in Throwing
  1025 | D:2      | Reached skill level 1 in Dodging
  1025 | D:2      | Reached skill level 1 in Stealth
  1025 | D:2      | Reached skill level 1 in Unarmed Combat
  1025 | D:2      | Reached skill level 1 in Evocations
  1025 | D:2      | Reached XP level 4. HP: 37/38 MP: 8/8
  1100 | D:2      | Noticed Natasha
  1110 | D:2      | Slain by Natasha

Illustrated notes

Levels and vault maps discovered:
D:1:      dpeg_arrival_boxorama, layout_loops_ring,
          dreamdust_ecumenical_altar_hidden_monk_grotto
D:2:      layout_loops_cross, basic_altar, uniq_natasha

Skill      XL: |  1  2  3  4 |
---------------+-------------+-----
Long Blades    | 1 |  1.1
Maces & Flails | 1 |  1.1
Polearms       | 1 |  1.1
Staves         | 1 |  1.1
Slings         | 1 |  1.1
Bows           | 1 |  1.1
Crossbows      | 1 |  1.1
Throwing       | 1 |  1.1
Dodging        | 1 |  1.1
Stealth        | 1 |  1.1
Unarmed Combat | 1 |  1.1
Evocations     | 1 |  1.1
Spellcasting   | 3 |  3.0
Fighting       | |  4.6
Short Blades   | |  2.7
Axes           | |  4.6
Armour         | |  2.7
Shields        | |  4.6
Conjurations   | |  0.8
Hexes          | |  0.8
Summonings     | |  0.8
Necromancy     | |  0.8
Translocations | |  0.8
Transmutations | |  0.8
Fire Magic     | |  0.8
Ice Magic      | |  0.8
Air Magic      | |  0.8
Earth Magic    | |  0.8
Poison Magic   | |  0.8
Invocations    | |  2.8

Action                   |  1- 3 |  4- 6 || total
-------------------------+-------+-------++-------
Melee: Hand axe          |    67 |    18 ||    85
       Bite              |     5 |       ||     5
  Use: Potion            |     1 |       ||     1
 Stab: Invisible         |     5 |       ||     5
Armor: Leather armour    |    24 |     3 ||    27
Dodge: Dodged            |    29 |     9 ||    38
Block: Buckler           |    22 |     1 ||    23

Table legend: (Time is in decaauts)
 A = Elapsed time spent in this place.
 B = Non-inter-level travel time spent in this place.
 C = Inter-level travel time spent in this place.
 D = Time resting spent in this place.
 E = Time spent auto-exploring this place.
 F = Levels seen in this place.
 G = Mean time per level.
                   A        B        C        D        E       F      G
               +--------+--------+--------+--------+--------+-----+--------+
         Total |   1119 |   1109 |     10 |      0 |    872 |   2 |  559.5 |
       Dungeon |   1119 |   1109 |     10 |      0 |    872 |   2 |  559.5 |
               +--------+--------+--------+--------+--------+-----+--------+

Top non-repeatable levels by time:
     D:1: 994 daAuts
     D:2: 124 daAuts
